 Dungeon Crawl Stone Soup version 0.27.0-66-gdc8fb28755 (webtiles) character file.

Game seed: 10297395940349117784

67 funkygono the Firebug (level 4, -11/24 HPs)
             Began as a Gargoyle Fire Elementalist on Aug 20, 2021.
             Mangled by an iguana (12 damage)
             ... on level 2 of the Dungeon.
             The game lasted 00:03:35 (1880 turns).

funkygono the Firebug (Gargoyle Fire Elementalist)  Turns: 1880, Time: 00:03:37

Health: -11/24     AC:  5    Str: 11    XL:     4   Next: 16%
Magic:  0/7        EV: 12    Int: 17    God:
Gold:   60         SH:  0    Dex: 10    Spells: 4/8 levels left

rFire    . . .     SeeInvis .   h - +1 club
rCold    . . .     Faith    .   (no shield)
rNeg     + . .     Spirit   .   a - +0 robe
rPois    ∞         Reflect  .   (no helmet)
rElec    +         Harm     .   (no cloak)
rCorr    .         Rampage  .   (no gloves)
Will     .....                  (no boots)
Stlth    ++........             (no amulet)
HPRegen  0.08/turn              (no ring)
MPRegen  0.10/turn              (no ring)

@: no status effects
A: sickness immunity, AC +3, negative energy resistance 1, electricity
resistance, torment resistance 1, petrification resistance
a: no special abilities


You were on level 2 of the Dungeon.
You visited 1 branch of the dungeon, and saw 2 of its levels.

You collected 60 gold pieces.

Inventory:

Hand Weapons
 h - a +1 club (weapon)
Missiles
 c - 55 stones
Armour
 a - a +0 robe (worn)
 f - a +0 kite shield
Scrolls
 e - a scroll of teleportation {unknown}
Potions
 b - a potion of brilliance {unknown}
 d - a potion of ambrosia {unknown}


   Skills:
 + Level 0.2 Fighting
 + Level 0.6 Maces & Flails
 + Level 2.0 Dodging
 - Level 2.1 Stealth
 + Level 2.6 Spellcasting
 + Level 1.9 Conjurations
 + Level 3.7 Fire Magic


You had 4 spell levels left.
You knew the following spells:

 Your Spells              Type           Power      Damage    Failure   Level
a - Foxfire               Conj/Fire      44%        2x1d6     5%          1
b - Conjure Flame         Conj/Fire      11%        6-21      17%         3

Your spell library contained the following spells:

 Spells                   Type           Power      Damage    Failure   Level
 Pain                     Necr           8%         1d4       19%         1
 Inner Flame              Hex/Fire       8%         N/A       26%         3
 Sticky Flame             Conj/Fire      11%        2d3       50%         4
 Fireball                 Conj/Fire      5%         3d5       83%         5
 Agony                    Necr           2%         N/A       99%         5
 Excruciating Wounds      Necr           1%         N/A       99%         5


Dungeon Overview and Level Annotations

Branches:
Dungeon (2/15)

Altars:


Innate Abilities, Weirdness & Mutations

You are immune to sickness and miasma.
Your stone body is resilient. (AC +3)
You are immune to poison.
You resist negative energy. (rN+)
You are resistant to electric shocks. (rElec)
You are resistant to unholy torment.
You are immune to petrification.


Message History

The foxfire hits the iguana but does no damage.
The iguana is lightly wounded.
You hit the iguana.
The iguana is lightly wounded.
The iguana bites you.
You hit the iguana but do no damage.
The iguana is lightly wounded.
The iguana bites you!
You hit the iguana but do no damage.
The iguana is lightly wounded.
The iguana closely misses you.
You hit the iguana.
The iguana is moderately wounded.
The iguana bites you but does no damage.
The iguana bites you!
* * * LOW HITPOINT WARNING * * *
You hit the iguana but do no damage.
The iguana is moderately wounded.
The iguana closely misses you.
The iguana hisses menacingly.
Casting: Foxfire (safe; 5% risk of failure)
Confirm with . or Enter, or press ? or * to list all spells.
You conjure some foxfire!
The iguana closely misses you.
You hit the iguana.
The iguana is moderately wounded.
The foxfire hits the iguana.
The iguana is heavily wounded.
The foxfire hits the iguana but does no damage.
The iguana is heavily wounded.
The iguana closely misses you.
You hit the iguana.
The iguana is severely wounded.
The iguana misses you.
You hit the iguana.
The iguana is severely wounded.
The iguana bites you.
* * * LOW HITPOINT WARNING * * *
The iguana bites you!
Ouch! That really hurt!
You die...

#.# #.# #.# #.# #.#
############## #########.##
#............# #..).l<.#.#.
#............# #.#######.#.
#.......†l@..# #.##....#.#.
###....$.......# #....##.#.#.
......$.......)# ###....)....
...............# #.....#...
..##....#################...
...........>.................
...##....##....############..
# #....##....# #.......#..
#....##....# #.#####.#..


You could see an iguana.

Vanquished Creatures
  3 adders (D:2)
  A dart slug (D:1)
  2 bats
  An endoplasm (D:1)
  2 giant cockroaches
  6 hobgoblins (D:1)
  2 quokkas (D:1)
  5 ball pythons
  4 frilled lizards
  3 goblins
  5 kobolds
  2 rats (D:1)
36 creatures vanquished.

Vanquished Creatures (others)
  111 foxfires
  2 plants (D:1)
113 creatures vanquished.

Grand Total: 149 creatures vanquished

Notes
Turn   | Place    | Note
-------+----------+-------------------------------------------
     0 | D:1      | funkygono the Gargoyle Fire Elementalist began the quest
                  | for the Orb.
     0 | D:1      | Reached XP level 1. HP: 10/10 MP: 3/3
   261 | D:1      | Reached XP level 2. HP: 10/15 MP: 0/5
   998 | D:1      | Reached XP level 3. HP: 19/19 MP: 4/6
  1345 | D:1      | Learned a level 3 spell: Conjure Flame
  1640 | D:2      | Found a faded altar of an unknown god.
  1860 | D:2      | Reached XP level 4. HP: 24/24 MP: 5/7
  1880 | D:2      | HP: 1/24 [iguana (3)]
  1880 | D:2      | Mangled by an iguana

Illustrated notes

Levels and vault maps discovered:
D:1:      minmay_arrival_diagonal_passages, layout_loops_cross,
          kennysheep_pointless_box, serial_bayou_pond_e,
          minmay_misc_feat_secret_circle, corexii_hall_statues_t,
          lemuel_old_faithful
D:2:      layout_basic, ebering_ecumenical_altar_webs, kennysheep_potato

Skill      XL: |  1  2  3  4 |
---------------+-------------+-----
Dodging        | 2 |  2.0
Fighting       | |  0.2
Maces & Flails | |  0.6
Stealth        | |  2.1
Spellcasting   | |  2.6
Conjurations   | |  1.9
Fire Magic     | |  3.7

Action                   |  1- 3 |  4- 6 || total
-------------------------+-------+-------++-------
Melee: Unarmed           |    14 |       ||    14
       Club              |    24 |     8 ||    32
 Cast: Foxfire           |    56 |     7 ||    63
  Use: Scroll            |     5 |       ||     5
 Stab: Sleeping          |     1 |       ||     1
Armor: Robe              |    16 |     1 ||    17
Dodge: Dodged            |    38 |     7 ||    45
